 Dungeon Crawl Stone Soup version 0.30-a0-374-g95c0257040 (webtiles) character file.

Game seed: 16071444897964992156

140941 Bnni the Impaler (level 17, -3/144 HPs)
             Began as a Formicid Fighter on Nov 25, 2022.
             Was a Believer of Yredelemnul.
             Killed from afar by an ironbound frostheart (9 damage)
             ... by creeping frost
             ... in an ice cave.
             The game lasted 01:20:41 (22672 turns).

Bnni the Impaler (Formicid Fighter)                Turns: 22672, Time: 01:20:41

Health: -3/144     AC: 21    Str: 31    XL:     17   Next: 92%
Magic:  28/28      EV:  9    Int: 24    God:    Yredelemnul [**....]
Gold:   2808       SH: 12    Dex: 13    Spells: 16/24 levels left

rFire   + + .      SeeInvis +    t - +7 glaive "Poit" {vorpal, rF++ rCorr Str-3 Dex-4}
rCold   + . .      Faith    +    w - +2 kite shield {AC+3}
rNeg    . . .      Spirit   .    U - +6 scale mail "Qayf" {-Tele Will- Regen+ Int+7}
rPois   .          Reflect  .    (helmet unavailable)
rElec   .          Harm     .    J - +0 cloak
rCorr   +          Rampage  .    e - +0 pair of gloves {Str+3}
Will    .....                    E - +1 pair of boots of the Game Afoot {Str+5 Dex+4}
Stlth   ..........               f - amulet "Ogeink" {Faith +Blink}
HPRegen 1.24/turn                I - ring of the Verdant Grape {Int+6 Slay+5}
MPRegen 0.21/turn                Q - ring of protection from cold

@: frozen, studying Long Blades, very slow
A: permanent stasis, dig shafts and tunnels, antennae 3, four strong arms
a: Dig, Renounce Religion, Recall Undead Harvest, Dark Bargain


You were in an ice cave.
You worshipped Yredelemnul.
Yredelemnul was pleased with you.
You visited 5 branches of the dungeon, and saw 26 of its levels.
You also visited: Bailey, Gauntlet, Ice Cave and Volcano.

You collected 3478 gold pieces.
You spent 670 gold pieces at shops.

Inventory:

Hand Weapons
 t - the +7 glaive "Poit" (weapon) {vorpal, rF++ rCorr Str-3 Dex-4}
   (You bought it in a shop on level 12 of the Dungeon)

   It inflicts extra damage upon your enemies.
   Str:       It affects your strength (-3).
   Dex:       It affects your dexterity (-4).
   rF:        It greatly protects you from fire.
   rCorr:     It protects you from acid and corrosion.
 B - a +0 bardiche
Missiles
 r - 5 boomerangs of dispersal
 y - 15 boomerangs
 H - 10 javelins (quivered)
 T - 5 silver javelins
 Y - 3 throwing nets
Armour
 e - a +0 pair of gloves of strength (worn)
 w - a +2 kite shield of protection (worn)
 E - the +1 pair of boots of the Game Afoot (worn) {Str+5 Dex+4}
   (You acquired it on level 5 of the Lair of Beasts)

   Str:       It affects your strength (+5).
   Dex:       It affects your dexterity (+4).
 J - a +0 cloak (worn)
 U - the +6 scale mail "Qayf" (worn) {-Tele Will- Regen+ Int+7}
   (You took it off a minotaur in a Gauntlet)

   Int:       It affects your intelligence (+7).
   -Tele:     It prevents most forms of teleportation.
   Regen:     It increases your rate of health regeneration.
   Will:      It decreases your willpower.
Jewellery
 f - the amulet "Ogeink" (around neck) {Faith +Blink}
   (You took it off a minotaur in a Gauntlet)

   [amulet of faith]

   It allows you to gain divine favour quickly.
   +Blink:    It lets you blink.
 m - an amulet of regeneration
 C - a ring of poison resistance
 I - the ring of the Verdant Grape (left hand) {Int+6 Slay+5}
   (You found it in a Gauntlet)

   [ring of intelligence]

   Int:       It affects your intelligence (+6).
   Slay:      It affects your accuracy & damage with ranged weapons and melee
   (+5).
 P - a ring of resist corrosion
 Q - a ring of protection from cold (right hand)
 V - a +4 ring of evasion
Wands
 u - a wand of roots (3)
 A - a wand of light (7)
 R - a wand of mindburst (13)
 X - a wand of digging (9)
Scrolls
 b - a scroll of identify
 d - 3 scrolls of poison
 h - 10 scrolls of enchant weapon
 l - 6 scrolls of butterflies
 n - 6 scrolls of amnesia
 p - 8 scrolls of immolation
 s - 6 scrolls of enchant armour
 D - 4 scrolls of vulnerability
 F - 4 scrolls of fear
 L - 2 scrolls of summoning
 M - a scroll of magic mapping
Potions
 g - 12 potions of heal wounds
 i - 11 potions of mutation
 j - 14 potions of curing
 o - 4 potions of flight
 q - 7 potions of lignification
 v - 6 potions of magic
 x - 4 potions of cancellation
 G - 12 potions of ambrosia
 N - 3 potions of might
 O - 3 potions of resistance
 S - 2 potions of attraction
Miscellaneous
 a - a box of beasts
 K - a phantom mirror
 W - a box of beasts


   Skills:
 + Level 16.1 Fighting
 * Level 20.1 Polearms
 + Level 5.7 Armour
 * Level 8.0 Shields
 - Level 4.0 Spellcasting
 - Level 7.0 Translocations
 - Level 5.0 Transmutations
 - Level 4.0 Air Magic
 + Level 15.7 Invocations


You had 16 spell levels left.
You knew the following spells:

 Your Spells              Type           Power      Damage    Failure   Level
a - Lesser Beckoning      Tloc           76%        N/A       6%          3
b - Wereblood             Tmut           28%        N/A       7%          2
d - Vhi's Electric Charg  Tloc/Air       62%        N/A       12%         3

Your spell library contained the following spells:

 Spells                   Type           Power      Damage    Failure   Level
 Gell's Gravitas          Tloc           38%        N/A       6%          3
 Teleport Other           Tloc           38%        N/A       6%          3
 Sting                    Tmut/Pois      64%        1d6       13%         1
 Shock                    Conj/Air       56%        1d6       16%         1
 Kindle Blastsparks       Fire/Tloc/Air  44%        2d13      26%         3
 Portal Projectile        Hex/Tloc       42%        N/A       26%         3
 Cigotuvi's Dreadful Rot  Necr/Pois/Air  22%        N/A       32%         2
 Kiss of Death            Conj/Necr      16%        2d6       36%         1
 Magic Dart               Conj           16%        1d3       36%         1
 Slow                     Hex            16%        N/A       36%         1
 Summon Small Mammal      Summ           16%        N/A       36%         1
 Ignite Poison            Fire/Tmut/Pois 12%        N/A       50%         3
 Airstrike                Air            12%        2d(2-18)  56%         4
 Call Canine Familiar     Summ           4%         N/A       73%         3
 Confusing Touch          Hex            4%         N/A       73%         3
 Frozen Ramparts          Ice            8%         1d2       73%         3
 Hailstorm                Conj/Ice       4%         3d4       73%         3
 Summon Guardian Golem    Hex/Summ       4%         N/A       73%         3
 Tukima's Dance           Hex            4%         N/A       73%         3
 Vampiric Draining        Necr           4%         2d6       73%         3
 Ice Form                 Ice/Tmut       16%        N/A       78%         4
 Blade Hands              Tmut           14%        N/A       78%         5
 Dispel Undead            Necr           4%         3d7       98%         4
 Summon Ice Beast         Ice/Summ       4%         N/A       98%         4
 Alistair's Intoxication  Tmut/Pois      10%        N/A       98%         5
 Yara's Violent Unravell  Hex/Tmut       8%         3d5       98%         5
 Arcjolt                  Conj/Air       7%         1d17      99%         5
 Freezing Cloud           Conj/Ice/Air   5%         6-21      99%         5
 Statue Form              Tmut/Erth      10%        N/A       100%        6
 Haunt                    Necr/Summ      2%         N/A       100%        7
 Maxwell's Capacitive Co  Air            12%        ∞         100%        8
 Swiftness                Air            Unusable   N/A       N/A         3
 Simulacrum               Ice/Necr       Unusable   N/A       N/A         6

Dungeon Overview and Level Annotations

Branches:
Dungeon (15/15)            Temple (1/1) D:6            Lair (5/5) D:11
  Swamp (0/4) Lair:2        Snake (3/4) Lair:2        Slime (0/5) Lair:4
    Orc (2/2) D:12            Elf (0/3) Orc:2        Vaults (0/5) D:13
 Depths (0/4) D:15         Bailey (visited)           IceCv (1/1)
Volcano (visited)         Gauntlet (visited)

Altars:
Ashenzari
Cheibriados
Dithmenos
Elyvilon
Gozag
Hepliaklqana
Kikubaaqudgha
Makhleb
Nemelex Xobeh
Okawaru
Qazlal
Ru
Sif Muna
Trog
Uskayaw
Vehumet
Wu Jian
Xom
Yredelemnul
Zin
The Shining One

Shops:
D:4 *   D:8 ?   D:12 *   Orc:2 *[(?

Annotations:
D:12 6 transporters


Innate Abilities, Weirdness & Mutations

You cannot be hasted, slowed, berserked, paralysed or teleported.
You can dig through walls and to a lower floor.
You have a pair of large antennae on your head. (SInv)
Your four strong arms can wield two-handed weapons with a shield.


Message History

The frost grips you! You resist.
* * * LOW HITPOINT WARNING * * *
The frost grips your polar bear zombie.
Your polar bear zombie resists.
The frost grips your polar bear zombie.
Your polar bear zombie resists.
The frost grips your ugly thing zombie.
Your ugly thing zombie resists.
The frost grips your polar bear zombie.
Your polar bear zombie resists.
Your polar bear zombie is destroyed!
You hit the ironbound frostheart.
The ironbound frostheart is severely wounded.
The ironbound frostheart calls freezing cold from the walls.
The frost grips you! You resist.
* * * LOW HITPOINT WARNING * * *
The frost grips your polar bear zombie!
Your polar bear zombie resists.
The frost grips your polar bear zombie!
Your polar bear zombie resists.
The frost grips your ugly thing zombie!
Your ugly thing zombie resists.
You closely miss the ironbound frostheart.
The ironbound frostheart is severely wounded.
The ice encasing you melts away.
The ironbound frostheart calls freezing cold from the walls.
The frost grips you! You resist.
* * * LOW HITPOINT WARNING * * *
You are encased in ice.
The frost grips your polar bear zombie!
Your polar bear zombie resists.
Your polar bear zombie is destroyed!
The frost grips your polar bear zombie.
Your polar bear zombie resists.
The frost grips your ugly thing zombie.
Your ugly thing zombie resists.
The ironbound frostheart calls freezing cold from the walls.
The frost grips you! You resist.
You die...
Your body rises from the dead as a mindless zombie.

#.Z..## ####
##.Z.## #..Z##
### #.Z#Z#
##.##
##Z#.###...##
##Z.##..#..###
#Z##{.###..Z##
#{Z{Z## ###Z.#
##..## ##@#
#### ##p# #d#
{#p. #.# .# #


You could see a white draconian (invisible), 2 ironbound frosthearts, a friendly
polar bear zombie and a friendly ugly thing zombie.

Vanquished Creatures
  Kirke (Lair:5)
  Nessos (D:15)
  A minotaur (Gauntlet)
  Snorg (Lair:5)
  A fire dragon (Lair:5)
  An ettin (Orc:1)
  Josephine (Lair:3)
  A hydra (Lair:5)
  6 centaur warriors
  An ogre mage (D:15)
  2 ironbound frosthearts (IceCv)
  A catoblepas (Gauntlet)
  2 boulder beetles
  7 two-headed ogres
  5 anacondas
  A death yak (D:11)
  2 ice dragons (IceCv)
  7 naga warriors
  Nergalle (D:12)
  6 naga sharpshooters
  A fire crab (D:12)
  6 skeletal warriors (D:12)
  A lindwurm (Lair:5)
  2 orc knights
  2 wizards
  A harpy (shapeshifter) (D:15)
  8 mana vipers
  An orc sorcerer (Orc:2)
  12 ugly things
  4 salamanders
  A worldbinder (Gauntlet)
  4 manticores
  6 cyclopes
  24 black mambas
  The ghost of twist the Changer, a novice OpTm of Gozag (D:7)
  6 elephants
  3 naga magi
  A guardian serpent (Snake:2)
  Joseph (D:7)
  7 cane toads
  A molten gargoyle (Gauntlet)
  2 centaur skeletons (D:15)
  3 gargoyles
  A kobold demonologist (D:12)
  2 unseen horrors (D:13)
  5 rime drakes
  6 komodo dragons
  A freezing wraith (D:15)
  2 trolls
  4 polar bears (IceCv)
  A queen bee (Lair:1)
  2 hornets (Gauntlet)
  Prince Ribbit (D:5)
  A tarantella (shapeshifter) (D:14)
  A slime creature (Lair:4)
  12 blink frogs
  2 dream sheep (Lair:3)
  A centaur simulacrum (D:15)
  A shadow (D:13)
  9 wraiths
  Sigmund (D:4)
  2 wyverns (Lair:2)
  2 fire elementals
  4 fire bats (Lair:1)
  23 yaks
  3 basilisks
  9 humans
  A hog (Lair:5)
  3 steam dragons
  7 vampire mosquitoes
  Menkaure (D:7)
  A harpy simulacrum (D:15)
  2 wargs
  14 nagas
  2 acid dragons (D:12)
  2 swamp worms (Lair:2)
  2 hell hounds (Volcano)
  11 water moccasins
  Duvessa (D:6)
  An ice beast (D:6)
  31 orc warriors
  2 sky beasts (D:7)
  A black bear (D:6)
  9 centaurs
  8 ogres
  5 wolves
  2 boggarts (Gauntlet)
  A phantom (D:6)
  2 kobold brigands
  12 bullfrogs
  2 necrophages
  4 scorpions
  Dowan (D:6)
  40 killer bees
  8 howler monkeys
  An electric eel (D:13)
  4 lava snakes
  3 hounds
  23 orc priests
  3 gnoll boudas
  7 iguanas
  4 jellies
  Natasha (thrice) (D:4)
  25 orc wizards
  23 gnolls
  7 adders
  A river rat (D:11)
  A shadow imp (D:5)
  A white imp (D:7)
  4 worms
  4 dart slugs
  118 orcs
  2 endoplasms
  3 giant cockroaches
  6 goblins
  3 hobgoblins
  A jackal (D:3)
  2 quokkas
  7 ball pythons
  A bat (D:1)
  4 frilled lizards
  15 kobolds
  5 rats
  A spectral goblin (D:4)
701 creatures vanquished.

Vanquished Creatures (collateral kills)
  Saint Roka (Orc:2)
  Roxanne (D:14)
  An azure jelly (Lair:4)
  2 hydras (Lair:2)
  An ogre mage (D:15)
  An anaconda (Snake:2)
  3 two-headed ogres (D:15)
  2 death yaks (D:11)
  2 naga warriors (Snake:2)
  2 shock serpents
  3 naga sharpshooters
  Amaemon (Lair:1)
  A skeletal warrior (D:12)
  A swamp dragon (Lair:5)
  A bog body (Lair:2)
  A flayed ghost (D:14)
  A wolf spider zombie (D:15)
  6 naga ritualists
  An orc knight (D:15)
  2 deep elf pyromancers (D:15)
  A necromancer (D:15)
  A mana viper (Snake:2)
  A cyclops (shapeshifter) (D:14)
  A manticore (D:11)
  3 orc sorcerers
  An ugly thing (D:14)
  2 cyclopes
  2 salamanders (Snake:2)
  2 elephants
  9 black mambas
  A gargoyle (Gauntlet)
  4 naga magi
  4 cane toads
  A kobold demonologist (D:13)
  2 rime drakes (Lair:5)
  An orange demon (Lair:1)
  A komodo dragon (Lair:5)
  An efreet (D:14)
  5 blink frogs
  A hornet (D:13)
  2 slime creatures (Lair:4)
  7 dream sheep
  A centaur simulacrum (D:15)
  A shadow (D:12)
  3 wraiths
  A basilisk (Lair:5)
  A hog (Lair:5)
  A steam dragon (Lair:5)
  12 yaks
  9 humans
  A yak (shapeshifter) (D:14)
  A warg (Orc:2)
  12 nagas
  2 water moccasins
  A swamp drake (Lair:5)
  6 ogres
  9 orc warriors
  2 wolves (Lair:5)
  2 centaurs (D:13)
  A bullfrog (Lair:3)
  8 killer bees
  3 howler monkeys
  An electric eel (Lair:2)
  A lava snake (D:9)
  3 orc priests
  2 jellies (Lair:4)
  An iguana (Lair:5)
  An orc wizard (D:7)
  3 gnolls
  23 orcs
  A quokka (D:11)
  3 kobolds (D:9)
203 creatures vanquished.

Vanquished Creatures (others)
  2 anaconda zombies (Snake:2)
  2 ugly thing zombies
  A catoblepas zombie (Gauntlet)
  7 black mamba zombies
  A human (Lair:5)
  2 fire bat zombies (Lair:1)
  4 two-headed ogre zombies
  A water moccasin (Lair:5)
  A cane toad zombie (Lair:5)
  An orc warrior (Orc:2)
  An elephant zombie (Lair:5)
  A hornet zombie (Gauntlet)
  A hog zombie (Lair:5)
  4 rime drake zombies
  A troll zombie (Lair:5)
  A vampire mosquito zombie (D:11)
  A wyvern zombie (Lair:2)
  A cyclops zombie (D:13)
  A komodo dragon zombie (Lair:5)
  4 water moccasin zombies
  2 polar bear zombies (IceCv)
  2 warg zombies
  A queen bee zombie (Lair:1)
  A yak zombie (Lair:1)
  3 wolf zombies
  8 centaur zombies
  2 bullfrog zombies
  2 basilisk zombies
  2 boggart zombies (Gauntlet)
  3 human zombies
  13 killer bee zombies
  4 naga zombies
  A hound zombie (D:7)
  5 ogre zombies (D:15)
  2 howler monkey zombies (D:7)
  A swamp drake zombie (Lair:5)
  An iguana zombie (Lair:5)
  63 orc zombies
  4 gnoll zombies
  2 kobold zombies
  2 demonic plants (Gauntlet)
  52 fungi
  75 plants
289 creatures vanquished.

Grand Total: 1193 creatures vanquished

Notes
Turn   | Place    | Note
-------+----------+-------------------------------------------
     0 | D:1      | Bnni the Formicid Fighter began the quest for the Orb.
     0 | D:1      | Reached XP level 1. HP: 18/18 MP: 1/1
   224 | D:1      | Reached XP level 2. HP: 23/24 MP: 2/2
   647 | D:2      | Reached XP level 3. HP: 29/29 MP: 3/3
   837 | D:2      | Found a faded altar of an unknown god.
   851 | D:2      | Reached skill level 3 in Polearms
   851 | D:2      | Reached skill level 5 in Shields
   851 | D:2      | Reached XP level 4. HP: 3/37 MP: 4/4
  1939 | D:3      | Reached XP level 5. HP: 38/42 MP: 5/5
  2027 | D:3      | Found a shimmering altar of Xom.
  2274 | D:3      | Reached skill level 4 in Polearms
  2435 | D:4      | Noticed Sigmund
  2443 | D:4      | Killed Sigmund
  2444 | D:4      | Reached skill level 5 in Fighting
  2444 | D:4      | Reached skill level 5 in Polearms
  2444 | D:4      | Reached XP level 6. HP: 46/51 MP: 6/6
  2469 | D:4      | Reached XP level 7. HP: 20/56 MP: 7/7
  2562 | D:4      | Found a hazy altar of Hepliaklqana.
  2600 | D:4      | Reached skill level 6 in Polearms
  2680 | D:4      | Found Guegit's General Store.
  2741 | D:4      | Noticed Natasha
  2746 | D:4      | Killed Natasha
  2794 | D:4      | Noticed Natasha
  2801 | D:4      | Killed Natasha
  2847 | D:4      | Noticed Natasha
  2859 | D:4      | Killed Natasha
  2911 | D:4      | Reached XP level 8. HP: 51/64 MP: 8/8
  3136 | D:5      | Entered Level 5 of the Dungeon
  3328 | D:5      | Reached skill level 7 in Polearms
  3507 | D:5      | Noticed Prince Ribbit
  3527 | D:5      | Killed Prince Ribbit
  3873 | D:5      | Reached skill level 8 in Polearms
  3991 | D:6      | Found a radiant altar of Vehumet.
  3991 | D:6      | Found a glowing silver altar of Zin.
  4059 | D:6      | Reached XP level 9. HP: 72/72 MP: 9/9
  4077 | D:6      | Found a staircase to the Ecumenical Temple.
  4083 | Temple   | Entered the Ecumenical Temple
  4126 | Temple   | Became a worshipper of Yredelemnul the Dark
  4382 | D:6      | Reached * piety under Yredelemnul
  4466 | D:6      | Reached skill level 9 in Polearms
  4476 | D:6      | Reached ** piety under Yredelemnul
  4477 | D:6      | Reached skill level 1 in Invocations
  4485 | D:6      | Noticed Duvessa
  4486 | D:6      | Noticed Dowan
  4490 | D:6      | Killed Duvessa
  4496 | D:6      | Killed Dowan
  4848 | D:7      | Found a runed translucent gate.
  4848 | D:7      | Found a runed translucent gate.
  4848 | D:7      | Noticed a two-headed ogre
  4849 | D:7      | Found a runed translucent gate.
  4849 | D:7      | Noticed twist's ghost (novice OpTm)
  4862 | D:7      | Noticed Joseph
  4885 | D:7      | Reached skill level 10 in Polearms
  4894 | D:7      | Killed Joseph
  4895 | D:7      | Reached XP level 10. HP: 74/82 MP: 11/13
  5022 | D:7      | Noticed Menkaure
  5028 | D:7      | Killed Menkaure
  5087 | D:7      | Noticed a cyclops
  5094 | D:7      | Your ally Joseph died
  5105 | D:7      | Killed a cyclops
  5106 | D:7      | Reached skill level 5 in Invocations
  5198 | D:7      | Found a sparkling altar of Nemelex Xobeh.
  5206 | D:7      | Found a sacrificial altar of Ru.
  5213 | D:7      | Found a broken altar of Ashenzari.
  5215 | D:7      | Found a bloodstained altar of Trog.
  5216 | D:7      | Found a glowing golden altar of the Shining One.
  5217 | D:7      | Found a snail-covered altar of Cheibriados.
  5427 | D:7      | Found a flagged portal.
  5436 | Bailey   | Entered a bailey
  5537 | Bailey   | Reached skill level 11 in Polearms
  5957 | D:7      | Killed twist's ghost
  5982 | D:7      | Killed a two-headed ogre
  6092 | D:8      | You fall into a shaft and drop 2 floors!
  6092 | D:10     | Entered Level 10 of the Dungeon
  6144 | D:8      | Found Samisa's Magic Scroll Emporium.
  6179 | D:8      | Reached XP level 11. HP: 90/90 MP: 15/15
  6190 | D:8      | Learned a level 3 spell: Vhi's Electric Charge
  6485 | D:8      | Reached skill level 12 in Polearms
  6804 | D:9      | Reached skill level 10 in Fighting
  6974 | D:9      | Reached *** piety under Yredelemnul
  7170 | D:9      | Reached **** piety under Yredelemnul
  7575 | D:10     | Noticed a cyclops
  7588 | D:10     | Killed a cyclops
  7674 | D:10     | Found an iron altar of Okawaru.
  8288 | D:10     | Found an opulent altar of Gozag.
  8450 | D:11     | Noticed a death yak
  8649 | D:11     | Noticed a cyclops
  8655 | D:11     | Killed a cyclops
  8656 | D:11     | Reached skill level 13 in Polearms
  8716 | D:11     | Noticed a death yak
  8717 | D:11     | Noticed a death yak
  8734 | D:11     | Killed a death yak
  8739 | D:11     | Killed a death yak
  8743 | D:11     | Killed a death yak
  8805 | D:11     | Noticed a manticore
  8818 | D:11     | Killed a manticore
  8819 | D:11     | Reached XP level 12. HP: 84/100 MP: 18/18
  8877 | D:11     | Found a staircase to the Lair.
  9121 | D:12     | Found a gate leading to a gauntlet.
  9128 | Gauntlet | Entered a Gauntlet
  9128 | Gauntlet | Found a transporter.
  9128 | Gauntlet | Found a transporter.
  9128 | Gauntlet | Found a transporter.
  9128 | Gauntlet | Found a transporter.
  9148 | Gauntlet | Found a transporter.
  9150 | Gauntlet | Found a large runed translucent door.
  9151 | Gauntlet | Found a large runed translucent door.
  9152 | Gauntlet | Found a large runed translucent door.
  9152 | Gauntlet | Found a large runed translucent door.
  9152 | Gauntlet | Found a runed translucent door.
  9152 | Gauntlet | Found a runed translucent door.
  9153 | Gauntlet | Found a large runed translucent door.
  9154 | Gauntlet | Found a large runed translucent door.
  9155 | Gauntlet | Found a large runed translucent door.
  9155 | Gauntlet | Found a large runed translucent door.
  9156 | Gauntlet | Found a runed translucent gate.
  9156 | Gauntlet | Found a runed translucent gate.
  9156 | Gauntlet | Found a runed translucent gate.
  9158 | Gauntlet | Found a transporter.
  9162 | Gauntlet | Found a transporter.
  9172 | Gauntlet | Found a transporter.
  9172 | Gauntlet | Noticed a catoblepas
  9193 | Gauntlet | Found a transporter.
  9210 | Gauntlet | Found a transporter.
  9214 | Gauntlet | Found a transporter.
  9224 | Gauntlet | Found a transporter.
  9265 | Gauntlet | Found a large runed translucent door.
  9266 | Gauntlet | Found a large runed translucent door.
  9267 | Gauntlet | Found a large runed translucent door.
  9267 | Gauntlet | Found a large runed translucent door.
  9268 | Gauntlet | Found a large runed translucent door.
  9269 | Gauntlet | Found a large runed translucent door.
  9270 | Gauntlet | Found a large runed translucent door.
  9270 | Gauntlet | Found a large runed translucent door.
  9341 | Gauntlet | Noticed a soul eater
  9344 | Gauntlet | Noticed a naga warrior
  9408 | Gauntlet | Reached skill level 14 in Polearms
  9447 | Gauntlet | Identified the ring of the Verdant Grape {Int+6 Slay+5}
  9475 | Gauntlet | Killed a catoblepas
  9630 | Gauntlet | Identified the +6 scale mail "Qayf" {-Tele Will- Regen+
                  | Int+7}
  9630 | Gauntlet | Identified the amulet "Ogeink" {Faith +Blink}
  9630 | Gauntlet | Noticed a minotaur
  9662 | Gauntlet | Killed a minotaur
  9678 | Gauntlet | Got the Omnibus of Vile Outbursts
  9709 | D:12     | Found a transporter.
  9711 | D:12     | Found a transporter.
  9735 | D:12     | Found Wiquif's Assorted Antiques.
  9792 | D:12     | Reached skill level 10 in Invocations
  9826 | D:12     | Bought a dazzling glaive for 276 gold pieces
  9826 | D:12     | Identified the +7 glaive "Poit" {vorpal, rF++ rCorr Str-3
                  | Dex-4} (You bought it in a shop on level 12 of the Dungeon)
  9843 | D:12     | Found a staircase to the Orcish Mines.
  9844 | D:12     | Noticed a boulder beetle
  9855 | D:12     | Killed a boulder beetle
 10014 | D:12     | Noticed a two-headed ogre
 10019 | D:12     | Killed a two-headed ogre
 10019 | D:12     | Reached ***** piety under Yredelemnul
 10083 | D:12     | Noticed a skeletal warrior
 10083 | D:12     | Noticed a skeletal warrior
 10085 | D:12     | Noticed a skeletal warrior
 10088 | D:12     | Noticed a skeletal warrior
 10099 | D:12     | Killed a skeletal warrior
 10100 | D:12     | Reached skill level 15 in Polearms
 10100 | D:12     | Reached XP level 13. HP: 108/108 MP: 3/20
 10255 | D:12     | Found a transporter.
 10256 | D:12     | Found a transporter.
 10369 | D:12     | Noticed Nergalle
 10414 | D:12     | Killed Nergalle
 10571 | D:12     | Found a transporter.
 10577 | D:12     | Found a transporter.
 10777 | D:13     | Noticed a centaur warrior
 10777 | D:13     | Noticed Urug
 10777 | D:13     | Found a gate to the Vaults.
 10968 | D:13     | Noticed a centaur warrior
 10975 | D:13     | Killed a centaur warrior
 11016 | D:13     | Reached skill level 16 in Polearms
 11027 | D:13     | Noticed a centaur warrior
 11033 | D:13     | Killed a centaur warrior
 11130 | D:13     | Noticed a four-headed hydra
 11176 | D:13     | Killed an eight-headed hydra
 11176 | D:13     | Enslaved an eight-headed hydra
 11390 | D:13     | Killed Urug
 11390 | D:13     | Enslaved Urug
 11499 | D:13     | Killed a centaur warrior
 11500 | D:13     | Reached XP level 14. HP: 92/118 MP: 23/23
 12157 | D:14     | Reached skill level 17 in Polearms
 12168 | D:14     | Found a hide-covered altar of Uskayaw.
 12225 | D:14     | Reached ****** piety under Yredelemnul
 12353 | D:14     | Noticed Rupert
 12363 | D:14     | Killed Rupert
 12363 | D:14     | Enslaved Rupert
 12578 | D:14     | Identified Roxanne's Handbook of Reformation
 12578 | D:14     | Noticed Roxanne
 12607 | D:14     | Killed Roxanne
 12622 | D:14     | Learned a level 2 spell: Wereblood
 13003 | D:15     | Entered Level 15 of the Dungeon
 13011 | D:15     | Reached skill level 1 in Transmutations
 13012 | D:15     | Reached skill level 1 in Translocations
 13017 | D:15     | Reached skill level 1 in Air Magic
 13019 | D:15     | Noticed Nessos
 13023 | D:15     | Killed Nessos
 13442 | D:15     | Reached XP level 15. HP: 125/126 MP: 25/25
 13459 | D:15     | Found a staircase to the Depths.
 13745 | Lair:1   | Entered Level 1 of the Lair of Beasts
 14013 | Lair:1   | Reached skill level 18 in Polearms
 14190 | Lair:1   | Noticed Amaemon
 14196 | Lair:1   | Killed Amaemon
 14834 | Lair:2   | Found a dark tunnel.
 14843 | Volcano  | Entered a volcano
 14995 | Lair:2   | Found a staircase to the Snake Pit.
 15388 | Lair:2   | Found a staircase to the Swamp.
 15912 | Lair:3   | Reached skill level 5 in Transmutations
 15946 | Lair:3   | You fall into a shaft and drop 2 floors!
 15946 | Lair:5   | Entered Level 5 of the Lair of Beasts
 16065 | Lair:3   | Noticed Josephine
 16072 | Lair:3   | Killed Josephine
 16338 | Lair:3   | Reached skill level 1 in Spellcasting
 16610 | Lair:4   | Reached XP level 16. HP: 134/134 MP: 23/26
 16653 | Lair:4   | Identified the +7 dagger of Impeachment {freeze, Will+}
 16693 | Lair:4   | Noticed an azure jelly
 16700 | Lair:4   | Killed an azure jelly
 16983 | Lair:4   | Found a staircase to the Slime Pits.
 17153 | Lair:4   | Reached skill level 15 in Fighting
 17453 | Lair:5   | Noticed Kirke
 17453 | Lair:5   | Noticed Snorg
 17473 | Lair:5   | Killed Snorg
 17474 | Lair:5   | Killed Kirke
 17568 | Lair:5   | Identified a scroll of acquirement
 17569 | Lair:5   | Acquired the +1 pair of boots of the Game Afoot {Str+5
                  | Dex+4}
 17619 | Lair:5   | Reached skill level 5 in Translocations
 17928 | Lair:5   | Your ally Kirke died
 17932 | Lair:5   | Your ally Snorg died
 17946 | Lair:5   | Reached skill level 19 in Polearms
 18414 | Orc:1    | Entered Level 1 of the Orcish Mines
 18909 | Orc:2    | Entered Level 2 of the Orcish Mines
 18921 | Orc:2    | Found a staircase to the Elven Halls.
 19455 | Orc:2    | Found Ifoppu's Assorted Antiques.
 19460 | Orc:2    | Bought a potion of heal wounds for 100 gold pieces
 19567 | Orc:2    | Noticed Saint Roka
 19587 | Orc:2    | Found Puahez's Antique Armour Emporium.
 19596 | Orc:2    | Killed Saint Roka
 19707 | Orc:2    | Found Sahicoca's Antique Weapon Shoppe.
 19780 | Orc:2    | Found Eroca's Magic Scroll Boutique.
 20087 | Orc:2    | Bought a steaming chain mail for 294 gold pieces
 20087 | Orc:2    | Identified the +4 chain mail "Gyzet" {Harm Str-3 Dex-4
                  | Stlth+} (You bought it in a shop on level 2 of the Orcish
                  | Mines)
 20236 | Snake:1  | Entered Level 1 of the Snake Pit
 20429 | Snake:1  | Acquired 946 gold pieces
 20568 | Snake:1  | Learned a level 3 spell: Lesser Beckoning
 20754 | Snake:1  | Reached XP level 17. HP: 142/142 MP: 24/28
 20761 | Snake:1  | Reached skill level 15 in Invocations
 21747 | Snake:2  | Reached skill level 5 in Armour
 22004 | Snake:2  | Reached skill level 20 in Polearms
 22010 | Snake:2  | HP: 7/144 [poisoned by a naga ritualist (toxic radiance)]
 22015 | Snake:2  | HP: 4/144 [poisoned by a naga ritualist (toxic radiance)]
 22524 | Snake:3  | Found a frozen archway.
 22528 | IceCv    | Entered an ice cave
 22672 | IceCv    | HP: 6/144 [ironbound frostheart/creeping frost (15)]
 22672 | IceCv    | Killed from afar by an ironbound frostheart

Illustrated notes

Levels and vault maps discovered:
D:1:      ncdulo_watergridlock, layout_basic, minmay_door_square,
          amcnicky_mini_pool_small
D:2:      layout_loops_ring, hellmonk_ecumenical_altar_zigzags
D:3:      layout_loops_corners, tgw_xom
D:4:      layout_basic, nicolae_hepliaklqana_monster_ancestors, serial_shops,
          nicolae_shop_hallway_stairs, uniq_sigmund, uniq_natasha
D:5:      layout_loops_ring, uniq_prince_ribbit1
D:6:      layout_loops_ring, gammafunk_temple_overflow_wave,
          minmay_temple_entry_statues_fountains, uniq_duvessa
D:7:      layout_rooms, mainiacjoe_overflow_alcove_4, minitemple,
          enter_bailey_8, gammafunk_ghost_split, grunt_decor_resistance,
          uniq_joseph, uniq_menkaure
D:8:      layout_rooms, serial_shops, nicolae_diamond_shop, patterned_corridor
D:9:      layout_roguey, statue_in_the_mist_lemuel, hangedman_decor_growths,
          kennysheep_boxes
D:10:     layout_layer_cave, kennysheep_little_box, okawaru_humans
D:11:     layout_cave_pools, dpeg_lair_monsters
D:12:     layout_loops_ring, david_orc_2, gauntlet_entry_generic, serial_shops,
          nicolae_shop_overgrown_old_shop, special_room [special_room_orc],
          grunt_ministairs_12, serial_nicolae_subway, nicolae_sub_station_metal,
          nicolae_sub_station_stone, nicolae_sub_station_crystal, uniq_nergalle
D:13:     layout_rooms, david_vaults_3, kennysheep_opposing_triangles
D:14:     layout_gridville, nicolae_uskayaw_suspiria, minmay_three_doors,
          uniq_roxanne, uniq_rupert
D:15:     grunt_enter_depths_magical_seal, layout_rooms, uniq_nessos
Temple:   jpeg_temple_alley_garden
Lair:1:   layout_gridlike, special_room [special_room_bee], uniq_amaemon
Lair:2:   layout_hall_layers, nicolae_swamp_entry_splash_gauntlet,
          minmay_snake_entry_six_corridors, enter_volcano_1, st_stairs_11
Lair:3:   layout_roguey, uniq_josephine
Lair:4:   layout_regular_city, dpeg_slime_entry_corner,
          nicolae_lair_time_for_slime, infiniplex_staircase_pool_2
Lair:5:   guppyfry_lair_end_dragon, layout_long_grid, uniq_kirke, uniq_snorg
Snake:1:  layout_onion
Snake:2:  layout_onion
Snake:3:  layout_chambers, portal_ice_cave_entry_pillars_2, grunt_megastairs_4
Orc:1:    layout_diamond_mine
Orc:2:    grunt_orc_community_town_hall, layout_caves,
          grunt_orc_community_big_house_2, grunt_orc_community_big_house_1,
          grunt_orc_community_house_2, grunt_orc_community_house_2,
          grunt_orc_community_house_1, grunt_orc_community_house_3,
          grunt_orc_community_house_1, hellmonk_bongcloud_opening
IceCv:    ice_cave_small_giant

Skill      XL: |  1  2  3  4  5  6  7  8  9 10 11 12 13 14 15 16 17 |
---------------+----------------------------------------------------+-----
Polearms       | 3 5 6 8 10 11 13 15 16 17 18 19 20 | 20.1
Shields        | 5 8 |  8.0
Fighting       | 4 5 6 7 8 9 11 12 13 14 15 16 | 16.1
Invocations    | 4 6 8 10 12 13 14 15 | 15.7
Transmutations | 2 5 |  5.0
Translocations | 2 4 6 7 |  7.0
Air Magic      | 2 3 4 |  4.0
Spellcasting   | 1 4 |  4.0
Armour         | 5 |  5.7

Action                   |  1- 3 |  4- 6 |  7- 9 | 10-12 | 13-15 | 16-18 || total
-------------------------+-------+-------+-------+-------+-------+-------++-------
Melee: Trident           |    75 |   134 |       |       |       |       ||   209
       Halberd           |       |    14 |   321 |   492 |       |       ||   827
       Glaive            |       |       |       |    43 |   551 |   501 ||  1095
Throw: Dart              |       |       |     2 |       |       |       ||     2
 Cast: Vhi's Electric Ch |       |       |       |       |       |    12 ||    12
       Wereblood         |       |       |       |       |       |     2 ||     2
       Lesser Beckoning  |       |       |       |       |       |     6 ||     6
Invok: Recall Undead Har |       |       |       |     5 |    16 |    10 ||    31
       Dark Bargain      |       |       |       |     7 |     3 |     8 ||    18
       Bind Soul         |       |       |       |       |     3 |       ||     3
       Drain Life        |       |       |       |       |       |     8 ||     8
 Abil: Dig               |       |       |     1 |     3 |     3 |       ||     7
Evoke: Wand              |       |       |     3 |       |       |       ||     3
       Phantom mirror    |       |       |       |       |     1 |       ||     1
  Use: Potion            |     1 |       |     1 |     9 |       |     1 ||    12
       Scroll            |       |       |     5 |     5 |    18 |     4 ||    32
 Stab: Sleeping          |       |     1 |       |       |       |       ||     1
       Invisible         |       |       |     2 |     5 |       |       ||     7
       Distracted        |       |       |     1 |     5 |     8 |    10 ||    24
       Paralysed         |       |       |       |       |     7 |     9 ||    16
       Confused          |       |       |       |       |     2 |     1 ||     3
Armor: Scale mail        |    28 |    18 |       |    37 |   139 |   108 ||   330
       Plate armour      |       |    49 |   137 |   203 |       |       ||   389
Dodge: Dodged            |    16 |    37 |    70 |   111 |   226 |   138 ||   598
Block: Buckler           |    12 |    25 |    56 |   120 |    64 |    47 ||   324
       Kite shield       |       |       |       |       |       |    40 ||    40

Table legend: (Time is in decaauts)
 A = Elapsed time spent in this place.
 B = Non-inter-level travel time spent in this place.
 C = Inter-level travel time spent in this place.
 D = Time resting spent in this place.
 E = Time spent auto-exploring this place.
 F = Levels seen in this place.
 G = Mean time per level.
                   A        B        C        D        E       F      G
               +--------+--------+--------+--------+--------+-----+--------+
         Total |  22512 |  21085 |   1427 |    893 |  14754 |  30 |  750.4 |
       Dungeon |  12872 |  11940 |    932 |    457 |   8358 |  15 |  858.1 |
        Temple |     76 |     44 |     32 |      0 |     32 |   1 |   76.0 |
          Lair |   4570 |   4346 |    224 |      0 |   3488 |   5 |  914.0 |
     Snake Pit |   2250 |   2217 |     33 |    233 |   1578 |   3 |  750.0 |
  Orcish Mines |   1652 |   1448 |    204 |      0 |   1107 |   2 |  826.0 |
        Bailey |    390 |    390 |      0 |     41 |     21 |   1 |  390.0 |
      Ice Cave |    134 |    134 |      0 |     45 |     38 |   1 |  134.0 |
       Volcano |     25 |     25 |      0 |      0 |      0 |   1 |   25.0 |
      Gauntlet |    539 |    539 |      0 |    117 |    132 |   1 |  539.0 |
               +--------+--------+--------+--------+--------+-----+--------+

Top non-repeatable levels by time:
    D:12: 1382 daAuts
    D:14: 1204 daAuts
  Lair:2: 1197 daAuts
 Snake:1: 1177 daAuts
   Orc:2: 1075 daAuts
 Snake:2: 1010 daAuts
     D:7: 971 daAuts
    D:10: 955 daAuts
     D:3: 928 daAuts
  Lair:4: 927 daAuts
     D:2: 889 daAuts
     D:9: 871 daAuts
    D:13: 863 daAuts
  Lair:5: 860 daAuts
  Lair:1: 820 daAuts
